 Dungeon Crawl Stone Soup version 0.30-b1-2-g02819fbbbe (webtiles) character file.

Game seed: 5987339300317163593

536748 LLlMATKO the Executioner (level 24, 0/355 HPs)
             Began as a Minotaur Berserker on May 17, 2023.
             Was an Elder of Trog.
             Killed from afar by a red draconian scorcher (14 damage)
             ... with a bolt of magma
             ... on level 2 of the Realm of Zot on May 20, 2023.
             The game lasted 01:41:57 (63906 turns).

LLlMATKO the Executioner (Minotaur Berserker)      Turns: 63906, Time: 01:41:58

Health: 0/355      AC: 37    Str: 27    XL:     24   Next: 60%
Magic:  37/37      EV: 18    Int:  9    God:    Trog [****..]
Gold:   5191       SH: 29    Dex: 19    Spells: 23/23 levels left

rFire   + + +        u - +5 broad axe "Zeynueh" {flame, +Blink MP+9 Str-2 Dex+4}
rCold   + + .        U - +0 tower shield {rPois}
rNeg    + . .        N - +7 gold dragon scales
rPois   +            V - -2 hat of the Alchemist {rElec rPois rF+ rC+ rN+ Will+ rMut rCorr}
rElec   +            j - scarf of Biyk {+Inv, Int+5}
rCorr   +            X - +2 pair of gloves {hurl}
SInv    .            b - +1 pair of boots {rampage}
Will    +++..        Z - amulet "Deckalu" {Reflect rElec SH+5} Stlth
                     a - ring "Ciyruruc" {rF+ Will+ MP+9}
HPRegen 0.79/turn    D - ring of protection from cold
MPRegen 0.25/turn

%: reflection, resist mutation, rampage
@: berserking (expiring), lethally poisoned (0 -> -1), slowed, studying Unarmed
Combat
A: horns 2, retaliatory headbutt, low MP 1, cold vulnerability 1
}: 3/15 runes: decaying, serpentine, silver
a: Renounce Religion, Evoke Blink, Evoke Invisibility, Berserk, Trog's Hand,
Brothers in Arms


You were on level 2 of the Realm of Zot.
You worshipped Trog.
Trog was greatly pleased with you.
You visited 9 branches of the dungeon, and saw 45 of its levels.
You visited the Abyss 1 time.
You visited 1 bazaar.
You also visited: Trove, Sewer and Ossuary.

You collected 6255 gold pieces.
You spent 1064 gold pieces at shops.

Inventory:

Hand Weapons
 o - a +0 hand crossbow
 u - the +5 broad axe "Zeynueh" (weapon) {flame, +Blink MP+9 Str-2 Dex+4}
   (You found it on level 15 of the Dungeon)

   Str:       It affects your strength (-2).
   Dex:       It affects your dexterity (+4).
   MP:        It affects your magic capacity (+9).
   +Blink:    It lets you blink.
Missiles
 g - 2 poisoned darts (quivered)
 s - 5 silver javelins
 O - 6 curare-tipped darts
 T - 3 throwing nets
 Y - 10 javelins
Armour
 b - a +1 pair of boots of rampaging (worn)
 e - the +2 pair of boots "Efoweq" {MP+9 SInv}
   (You found it in a treasure trove)

   MP:        It affects your magic capacity (+9).
   SInv:      It lets you see invisible.
 j - the scarf of Biyk (worn) {+Inv, Int+5}
   (You found it in a treasure trove)

   Int:       It affects your intelligence (+5).
 m - the +8 orange crystal plate armour {Archmagi, Int+3 Clar}
   (You found it in a treasure trove)

   Int:       It affects your intelligence (+3).
   Clar:      It protects you from confusion, rage, mesmerisation and fear.
 N - +7 gold dragon scales (worn)
 U - a +0 tower shield of poison resistance (worn)
 V - the -2 hat of the Alchemist (worn) {rElec rPois rF+ rC+ rN+ Will+ rMut rCorr}
   (You found it on level 1 of the Snake Pit)

   rF:        It protects you from fire.
   rC:        It protects you from cold.
   rElec:     It insulates you from electricity.
   rPois:     It protects you from poison.
   rN:        It protects you from negative energy.
   rCorr:     It protects you from acid and corrosion.
   rMut:      It protects you from mutation.
   Will:      It increases your willpower.
 X - a +2 pair of gloves of hurling (worn)
Jewellery
 a - the ring "Ciyruruc" (left hand) {rF+ Will+ MP+9}
   (You bought it in a shop on level 3 of the Snake Pit)

   [ring of magical power]

   rF:        It protects you from fire.
   MP:        It affects your magic capacity (+9).
   Will:      It increases your willpower.
 h - the ring "Lefutumm" {rPois rF+ Str-5 Int+6}
   (You found it on level 5 of the Vaults)

   [ring of protection from fire]

   Str:       It affects your strength (-5).
   Int:       It affects your intelligence (+6).
   rF:        It protects you from fire.
   rPois:     It protects you from poison.
 A - the ring "Iqafecag" {rElec rF+ Str+3 Int+3}
   (You found it on level 1 of the Depths)

   [ring of protection from fire]

   Str:       It affects your strength (+3).
   Int:       It affects your intelligence (+3).
   rF:        It protects you from fire.
   rElec:     It insulates you from electricity.
 D - a ring of protection from cold (right hand)
 M - a ring of flight
 S - a ring of willpower
 Z - the amulet "Deckalu" (around neck) {Reflect rElec SH+5}
   (You bought it in a shop on level 1 of the Snake Pit)

   [amulet of reflection]

   It reflects blocked missile attacks.
   rElec:     It insulates you from electricity.
   SH:        It affects your SH (+5).
Wands
 w - a wand of charming (53)
 B - a wand of mindburst (65)
 F - a wand of digging (15)
 K - a wand of polymorph (39)
 L - a wand of iceblast (49)
 P - a wand of flame (78)
 R - a wand of quicksilver (43)
Scrolls
 c - 2 scrolls of silence
 d - 21 scrolls of teleportation
 f - 21 scrolls of identify
 i - 8 scrolls of blinking
 k - 9 scrolls of fog
 q - 10 scrolls of enchant weapon
 r - 4 scrolls of poison
 x - 2 scrolls of brand weapon
 y - 6 scrolls of fear
 C - 3 scrolls of summoning
Potions
 n - 25 potions of curing
 p - 16 potions of heal wounds
 t - 8 potions of might
 v - 9 potions of haste
 z - 2 potions of ambrosia
 G - 2 potions of cancellation
 H - 7 potions of flight
 I - 4 potions of magic
 J - 3 potions of invisibility
 Q - 5 potions of resistance
 W - 3 potions of berserk rage


   Skills:
 + Level 23.7 Fighting
 + Level 25.3 Axes
 - Level 13.0 Ranged Weapons
 + Level 23.6 Armour
 + Level 21.9 Dodging
 + Level 23.4 Shields


You had 23 spell levels left.
You didn't know any spells.
Your spell library was empty.

Dungeon Overview and Level Annotations

Branches:
Dungeon (15/15)            Temple (0/1) D:6            Lair (5/5) D:9
  Swamp (4/4) Lair:3        Snake (4/4) Lair:3        Slime (0/5) Lair:4
    Orc (2/2) D:11            Elf (3/3) Orc:2        Vaults (5/5) D:14
  Crypt (0/3) Vaults:2     Depths (4/4) D:15            Zot (3/5) Depths:4
  Sewer (visited)         Ossuary (visited)

Altars:
Ashenzari
Cheibriados
Dithmenos
Fedhas
Gozag
Hepliaklqana
Kikubaaqudgha
Nemelex Xobeh
Qazlal
Ru
Trog
Xom
Yredelemnul
The Shining One
Jiyva
Lugonu

Shops:
Orc:2 [(=*   Elf:1 !(   Elf:3 [[   Snake:1 =   Snake:3 =:=   Vaults:1 !
Vaults:5 !

Portals:
Hell: Depths:1 Depths:2 Depths:3 Depths:4
Abyss: Depths:3
Pandemonium: Depths:2 Depths:4
Ziggurat: Depths:1


Innate Abilities, Weirdness & Mutations

You have a pair of horns on your head.
You reflexively headbutt those who attack you in melee.
Your magical capacity is low. (-10% MP)
You are vulnerable to cold. (rC-)


Message History

You block the death drake's attack. The death drake barely misses you.
You furiously retaliate!
You headbutt the death drake! You barely miss the death drake.
You headbutt the death drake!
You kill the death drake!
The death drake's corpse disappears in a puff of smoke!
You slash the death drake! You burn the death drake.
You kill the death drake!
The death drake's corpse disappears in a puff of smoke!
You feel very sick.
A red film seems to cover your vision as you go berserk!
You feel yourself moving faster!
You feel mighty!
You feel very sick. The lindwurm breathes flames at you.
The blast of flame hits you. You resist.
* * * LOW HITPOINT WARNING * * *
You feel a strong urge to attack something.
You feel sick.
You block the lindwurm's attack. x2; The lindwurm claws you.
* * * LOW HITPOINT WARNING * * *
You barely miss the lindwurm. You headbutt the lindwurm.
The lindwurm is lightly wounded.
You feel sick.
You hit the lindwurm. You burn the lindwurm. You headbutt the lindwurm!
The lindwurm is moderately wounded.
You feel sick.
The lindwurm bites you but does no damage.
You block the lindwurm's attack. The lindwurm misses you.
You hit the lindwurm. You burn the lindwurm.
The lindwurm is heavily wounded.
The lindwurm breathes flames at you.
The blast of flame hits you but does no damage.
You hit the lindwurm. You burn the lindwurm.
The lindwurm is severely wounded.
You feel sick.
You closely miss the lindwurm.
The lindwurm is severely wounded.
You feel sick.
The lindwurm disappears in a puff of smoke!
The red draconian scorcher gestures at you while chanting.
The bolt of magma hits you! You partially resist.
You die...

..........#q#..<....#
..........###.......#
....................#
##...####........####
###.#####.......##
.......##......######### #####
..............##...#...###...##
.............^q§..............#
##...##.....####@.......#....##
##...#.....## #........#...##
#.###.....## #......#######
.###.....## ######## .##......#
.#.......# .........#
.....##### ......#


You could see a red draconian scorcher.

Vanquished Creatures
  An orb of fire (Zot:3)
  Mara (Snake:3)
  Josephina (Zot:1)
  A Killer Klown (Depths:4)
  Bai Suzhen (Depths:1)
  4 caustic shrikes
  2 curse toes
  4 golden dragons
  Jory (Vaults:4)
  A bone dragon (Swamp:4)
  Nikola (Vaults:1)
  9 tentacled monstrosities
  An iron giant (shapeshifter) (Vaults:5)
  An electric golem (Zot:2)
  Zenata (Vaults:1)
  Mlioglotl (Snake:3)
  Jorgrun (Orc:2)
  A deep elf master archer (Elf:3)
  6 liches
  2 deep elf blademasters (Elf:3)
  5 titans
  14 quicksilver dragons
  A walking divine tome (Depths:3)
  Gastronok (D:12)
  2 tentacled starspawn (Abyss:1)
  3 sphinxes
  9 tengu reavers
  Kirke (D:12)
  8 storm dragons
  A revenant (Vaults:2)
  7 shadow dragons
  5 draconian monks
  A fenstrider witch (Swamp:1)
  3 nagarajas (Snake:4)
  8 fire giants
  The ghost of Vochiuc the Eclecticist, an adept DEFE of Vehumet (D:15)
  4 frost giants
  5 draconian knights
  Louise (D:14)
  An iron dragon (Depths:4)
  15 deep elf sorcerers
  Aizul (Depths:2)
  13 vault wardens
  4 deep elf elementalists (Elf:3)
  2 spriggan defenders
  7 draconian scorchers
  2 ghost moths (Zot:2)
  8 draconian annihilators
  A war gargoyle (Vaults:4)
  9 draconian stormcallers
  3 orc warlords
  11 ironbound preservers
  8 draconian shifters
  15 very ugly things
  13 stone giants
  5 deep elf demonologists
  2 vampire knights
  7 ironbound thunderhulks
  9 red draconians
  A lorocyproca (Depths:4)
  5 yellow draconians
  5 deep elf annihilators
  2 eleionomae
  23 purple draconians
  7 black draconians
  12 green draconians
  3 spark wasps (Depths:3)
  3 white draconians
  3 bunyips
  8 dire elephants
  9 deep elf death magi
  Snorg (D:11)
  9 ettins
  3 crystal guardians (Vaults:3)
  2 blizzard demons
  3 jiangshi (Depths:3)
  7 great orbs of eyes
  10 yaktaur captains
  4 fire dragons
  An entropy weaver (Vaults:3)
  3 deep elf high priests (Elf:3)
  2 peacekeepers (Vaults:3)
  2 rakshasas
  Harold (D:11)
  2 ice dragons
  A catoblepas (shapeshifter) (Vaults:5)
  3 spriggan air magi
  14 hydras
  4 ogre magi
  3 ghost crabs
  2 salamander tyrants
  11 anacondas
  6 boulder beetles
  9 ironbound frosthearts
  26 vault guards
  A catoblepas (D:13)
  2 death knights
  10 centaur warriors
  23 dancing weapons
  5 deep troll earth magi
  9 alligators
  6 deep troll shamans
  14 two-headed ogres
  10 tengu warriors
  2 vampire magi (Depths:3)
  Urug (D:10)
  14 naga warriors
  8 spriggan berserkers
  23 death yaks
  12 deep elf knights
  7 shock serpents
  6 naga sharpshooters
  7 hell knights
  4 orc high priests
  14 salamander mystics
  A skyshark (Lair:2)
  Sonja (Lair:1)
  3 soul eaters (Depths:2)
  2 sixfirhies (Depths:2)
  32 deep trolls
  4 goliath frogs
  7 spriggan druids
  A spriggan rider (Depths:3)
  A goliath frog (shapeshifter) (Vaults:5)
  2 iron trolls (Depths:1)
  A death drake (Swamp:4)
  A flayed ghost (D:12)
  An orb spider (shapeshifter) (Elf:2)
  3 spectral hydras (Swamp:4)
  13 ironbound convokers
  7 naga ritualists
  5 swamp dragons
  7 deep elf archers
  4 glowing orange brains
  8 lindwurms
  6 wizards
  7 necromancers
  6 phantasmal warriors
  16 harpies
  3 bog bodies (Swamp:4)
  18 mana vipers
  16 deep elf zephyrmancers
  6 cyclopes
  2 wolf spiders (shapeshifter)
  9 orc sorcerers
  12 orc knights
  An oklob plant (D:9)
  14 deep elf pyromancers
  2 frost giant zombies
  A fire giant zombie (Depths:2)
  12 elephants
  31 salamanders
  28 ugly things
  A will-o-the-wisp (Swamp:3)
  A stone giant skeleton (Vaults:2)
  An elephant (shapeshifter) (Depths:4)
  16 moths of wrath
  9 naga magi
  6 manticores
  29 slime creatures
  A rust devil (Depths:4)
  35 black mambas
  14 guardian serpents
  15 vault sentinels
  3 cane toads
  A catoblepas zombie (Abyss:1)
  2 orange demons (Depths:4)
  A torpor snail (Lair:2)
  2 gargoyles
  An unseen horror (D:9)
  A storm dragon simulacrum (Zot:1)
  A freezing wraith (D:13)
  3 kobold demonologists (D:11)
  6 komodo dragons
  2 rime drakes
  3 swamp worm zombies (Swamp:4)
  2 centaur skeletons (D:15)
  An ice devil (Depths:2)
  2 tengu conjurers
  An efreet (Zot:3)
  32 yaktaurs
  A tormentor (Zot:3)
  3 hydra zombies (Swamp:4)
  2 polar bears
  A shadow dragon simulacrum (Depths:2)
  13 trolls
  A merfolk (shapeshifter) (Vaults:5)
  A tengu simulacrum (Vaults:2)
  3 meliai (D:13)
  A bloated husk (Swamp:3)
  11 tyrant leeches
  20 blink frogs
  4 raiju (Abyss:1)
  19 hornets
  2 dream sheep (shapeshifter)
  25 dream sheep
  3 spectral swamp dragons (Swamp:4)
  A draconian simulacrum (Zot:1)
  4 alligator zombies (Swamp:4)
  3 air elementals
  2 centaur simulacra (D:15)
  An ettin skeleton (Vaults:2)
  6 flying skulls (Abyss:1)
  A ynoxinul (Abyss:1)
  19 spriggans
  A spriggan (shapeshifter) (Depths:3)
  2 water elementals (Elf:2)
  8 basilisks
  A wraith (D:12)
  7 wyverns
  An elf zombie (Vaults:2)
  2 vampires
  Grum (D:11)
  40 yaks
  6 hogs (D:12)
  A small abomination (Abyss:1)
  20 fire elementals
  6 vampire mosquitoes
  A steam dragon (D:6)
  3 neqoxecs
  8 wargs
  A yellow draconian simulacrum (Zot:1)
  A warg (shapeshifter) (D:10)
  26 nagas
  14 swamp worms
  An acid dragon (D:10)
  A floating eye (shapeshifter) (D:12)
  12 water moccasins
  A moth of wrath simulacrum (Zot:1)
  A floating eye (Depths:3)
  2 large abominations (Abyss:1)
  34 orc warriors
  2 sky beasts
  4 swamp dragon zombies (Swamp:4)
  A black bear (D:4)
  12 centaurs
  7 ogres
  3 boggarts (Vaults:3)
  12 wolves
  7 phantoms
  6 kobold brigands
  12 bullfrogs
  4 earth elementals
  3 scorpions
  9 wights (D:8)
  4 water moccasin zombies (Ossuary)
  An oklob sapling (D:9)
  An electric eel (Lair:3)
  8 howler monkeys
  8 jellies
  3 hounds
  11 orc priests
  2 gnoll boudas
  Terence (D:2)
  17 orc wizards
  A sleepcap (D:6)
  5 iguanas
  A spectral swamp drake (Swamp:4)
  5 hell rats (Lair:2)
  2 mummies (Ossuary)
  12 gnolls
  A swamp drake zombie (Swamp:4)
  16 adders
  An ufetubus (D:6)
  4 adder zombies (Ossuary)
  5 worms
  4 dart slugs
  68 orcs
  22 ball pythons
  16 endoplasms
  7 giant cockroaches
  3 gnoll zombies (Ossuary)
  5 goblins
  9 hobgoblins
  2 jackals
  21 kobolds
  14 quokkas
  17 bats
  15 frilled lizards
  4 hobgoblin zombies (Ossuary)
  4 kobold zombies (Ossuary)
  3 orc zombies (Ossuary)
  6 rats
  2 plants
  A spectral weapon (Depths:1)
  2 starspawn tentacles (Abyss:1)
1896 creatures vanquished.

Vanquished Creatures (collateral kills)
  A caustic shrike (Depths:3)
  Asterion (Depths:1)
  A shadow dragon (Depths:1)
  A vault warden (Vaults:3)
  A frost giant (Depths:1)
  A stone giant (Depths:3)
  A very ugly thing (Depths:1)
  A yellow draconian (Depths:4)
  A white draconian (Zot:3)
  A yaktaur captain (Vaults:3)
  A catoblepas (Lair:5)
  A vault guard (Vaults:5)
  A death knight (D:12)
  2 boulder beetles (D:12)
  2 deep troll earth magi
  2 tengu warriors
  7 dancing weapons
  2 thrashing horrors (Abyss:1)
  A spriggan berserker (Depths:3)
  2 deep elf knights (Elf:2)
  A skeletal warrior (D:12)
  2 deep trolls
  An ironbound convoker (Vaults:3)
  4 deep elf pyromancers
  5 deep elf zephyrmancers
  An ugly thing (Vaults:3)
  A salamander (Snake:3)
  A guardian serpent (Snake:4)
  3 black mambas (Snake:4)
  A troll (Orc:2)
  An air elemental (Elf:1)
  2 orc warriors (Orc:2)
  An orc priest (Orc:2)
55 creatures vanquished.

Vanquished Creatures (others)
  A fire giant (Vaults:5)
  A stone giant (D:15)
  2 tengu warriors (D:15)
  A deep elf knight (Elf:1)
  An orc knight (D:15)
  A deep elf pyromancer (Elf:2)
  A moth of wrath (Zot:1)
  A will-o-the-wisp (Swamp:1)
  A naga mage (Snake:4)
  4 bloated husks
  A spriggan (Swamp:4)
  A neqoxec (Depths:2)
  A moth of wrath simulacrum (Zot:1)
  A phantom (Swamp:4)
  3 ball lightnings (D:15)
  2 foxfires (Swamp:3)
  26 fungi
  40 plants
  A starspawn tentacle (Abyss:1)
  A withered plant (D:13)
91 creatures vanquished.

Grand Total: 2042 creatures vanquished

Notes
Turn   | Place    | Note
-------+----------+-------------------------------------------
     0 | D:1      | LLlMATKO the Minotaur Berserker began the quest for the
                  | Orb.
     0 | D:1      | Reached XP level 1. HP: 19/19 MP: 0/0
   120 | D:1      | Reached XP level 2. HP: 27/27 MP: 1/1
   426 | D:1      | Reached skill level 4 in Axes
   594 | D:1      | Found a faded altar of an unknown god.
   787 | D:2      | Found an ancient bone altar of Kikubaaqudgha.
   803 | D:2      | Noticed Terence
   816 | D:2      | Killed Terence
   817 | D:2      | Reached XP level 3. HP: 16/33 MP: 2/2
  1026 | D:2      | Reached XP level 4. HP: 35/41 MP: 3/3
  1205 | D:2      | Reached ** piety under Trog
  1631 | D:2      | Identified the +3 ring mail of the Circus Animal {-Cast rF+
                  | rC++ Regen+}
  1920 | D:3      | Reached XP level 5. HP: 47/47 MP: 4/4
  1938 | D:3      | Found a glowing drain.
  1960 | Sewer    | Entered a sewer
  1984 | Sewer    | Reached skill level 1 in Shields
  2164 | Sewer    | Reached skill level 5 in Axes
  2166 | Sewer    | Reached *** piety under Trog
  2173 | Sewer    | Reached skill level 5 in Fighting
  2206 | Sewer    | Reached XP level 6. HP: 56/56 MP: 5/5
  2869 | D:3      | Reached **** piety under Trog
  3892 | D:4      | Noticed a sky beast
  3900 | D:4      | Killed a sky beast
  3901 | D:4      | Reached XP level 7. HP: 62/62 MP: 6/6
  4110 | D:4      | Reached skill level 5 in Armour
  4222 | D:4      | Found a blossoming altar of Fedhas.
  4224 | D:4      | Found a shadowy altar of Dithmenos.
  4224 | D:4      | Found a basalt altar of Yredelemnul.
  4226 | D:4      | Found a sacrificial altar of Ru.
  4226 | D:4      | Found a snail-covered altar of Cheibriados.
  4227 | D:4      | Found a hazy altar of Hepliaklqana.
  4495 | D:5      | Entered Level 5 of the Dungeon
  4577 | D:5      | Reached skill level 6 in Axes
  4673 | D:5      | Found a sand-covered staircase.
  4679 | Ossuary  | Entered an ossuary
  4717 | Ossuary  | Reached skill level 5 in Dodging
  4757 | Ossuary  | Reached XP level 8. HP: 71/71 MP: 7/7
  5272 | D:6      | Reached skill level 7 in Axes
  5380 | D:6      | Found a staircase to the Ecumenical Temple.
  5504 | D:6      | Reached skill level 5 in Shields
  5613 | D:6      | Reached ***** piety under Trog
  5811 | D:7      | Reached XP level 9. HP: 48/79 MP: 8/8
  6439 | D:8      | Reached skill level 8 in Axes
  7109 | D:9      | Reached XP level 10. HP: 90/90 MP: 9/9
  7320 | D:9      | Reached skill level 9 in Axes
  7343 | D:9      | Identified the +1 ring mail "Wubymm" {rF+ Str+3}
  7644 | D:9      | Identified the +6 short sword of the Sage {flame, rF+ rN+}
  7749 | D:9      | Noticed an oklob plant
  7759 | D:9      | Killed an oklob plant
  8018 | D:9      | Found a staircase to the Lair.
  8422 | D:9      | Found a staircase to the Lair.
  8695 | D:9      | Paralysed by a hornet for 2 turns
  8793 | D:10     | Entered Level 10 of the Dungeon
  8793 | D:10     | Noticed Urug
  8807 | D:10     | Killed Urug
  8808 | D:10     | Reached skill level 10 in Fighting
  8808 | D:10     | Reached skill level 10 in Axes
  8808 | D:10     | Reached XP level 11. HP: 99/99 MP: 10/10
  8904 | D:10     | Received a gift from Trog
  9176 | D:10     | Noticed a two-headed ogre
  9184 | D:10     | Killed a two-headed ogre
  9391 | D:10     | Found an opulent altar of Gozag.
  9520 | D:11     | Noticed Snorg
  9539 | D:11     | Killed Snorg
  9540 | D:11     | Reached skill level 10 in Armour
  9596 | D:11     | Noticed a two-headed ogre
  9611 | D:11     | Killed a two-headed ogre
  9691 | D:11     | Noticed a sixfirhy
  9705 | D:11     | Noticed a sun demon
  9771 | D:11     | Found a staircase to the Orcish Mines.
 10127 | D:11     | Noticed a boulder beetle
 10142 | D:11     | Killed a boulder beetle
 10143 | D:11     | Reached skill level 11 in Axes
 10286 | D:11     | Noticed a two-headed ogre
 10297 | D:11     | Killed a two-headed ogre
 10298 | D:11     | Reached skill level 10 in Shields
 10376 | D:11     | Noticed Harold
 10378 | D:11     | Noticed Grum
 10395 | D:11     | Killed Grum
 10400 | D:11     | Reached skill level 10 in Dodging
 10405 | D:11     | Killed Harold
 10541 | D:12     | Reached XP level 12. HP: 110/110 MP: 11/11
 10747 | D:12     | Noticed Kirke
 10773 | D:12     | Killed Kirke
 10911 | D:12     | Noticed Gastronok
 10932 | D:12     | Killed Gastronok
 10933 | D:12     | Reached skill level 12 in Axes
 11189 | D:12     | Noticed a rakshasa
 11190 | D:12     | Noticed a boulder beetle
 11191 | D:12     | Noticed a boulder beetle
 11191 | D:12     | Noticed a death knight
 11212 | D:12     | Killed a rakshasa
 11219 | D:12     | Received a gift from Trog
 11225 | D:12     | Killed a death knight
 11225 | D:12     | Killed a boulder beetle
 11226 | D:12     | Killed a boulder beetle
 11256 | D:12     | Reached XP level 13. HP: 116/119 MP: 12/12
 11260 | D:12     | Identified the amulet of Equilibrium {RegenMP rF- Str-3
                  | Int+4 Slay+4}
 11277 | D:12     | Identified 2 scrolls of acquirement
 11277 | D:12     | Acquired the +0 hat "Konimy" {Harm Rampage Will+++ Str-3}
 11278 | D:12     | Acquired a manual of Axes
 11586 | Lair:1   | Entered Level 1 of the Lair of Beasts
 11641 | Lair:1   | Found a glowing golden altar of the Shining One.
 11739 | Lair:1   | Reached skill level 13 in Axes
 12173 | Lair:1   | Noticed Sonja
 12179 | Abyss:1  | Cast into level 1 of the Abyss (Sonja)
 12278 | Abyss:1  | Gained mutation: You have hidden genetic defects. [a
                  | neqoxec]
 12358 | Abyss:1  | Noticed a tentacled starspawn
 12364 | Abyss:1  | Killed a tentacled starspawn
 12371 | Abyss:1  | Noticed a tentacled starspawn
 12375 | Abyss:1  | Killed a tentacled starspawn
 12414 | Abyss:1  | Reached skill level 14 in Axes
 12414 | Abyss:1  | Noticed a quicksilver dragon
 12419 | Abyss:1  | Killed a quicksilver dragon
 12422 | Abyss:1  | Noticed a lich
 12430 | Abyss:1  | Gained mutation: You are vulnerable to cold. (rC-) [hidden
                  | defects]
 12435 | Abyss:1  | Killed a lich
 12440 | Lair:1   | Escaped the Abyss
 12442 | Lair:1   | Killed Sonja
 12674 | Lair:2   | Identified the +2 pair of gloves of Uciel {rC- Str+3 Int+8
                  | Slay-4}
 12727 | Lair:2   | Gained mutation: Your magical capacity is low. (-10% MP)
                  | [hidden defects]
 12727 | Lair:2   | Lost mutation: You have hidden genetic defects. [hidden
                  | defects expressed]
 12913 | Lair:2   | Reached XP level 14. HP: 109/130 MP: 11/11
 13227 | Lair:2   | Reached skill level 15 in Axes
 13756 | Lair:3   | Found a staircase to the Swamp.
 13951 | Lair:3   | Found a staircase to the Snake Pit.
 14779 | Lair:4   | Reached skill level 16 in Axes
 14819 | Lair:4   | Found a staircase to the Slime Pits.
 14823 | Lair:4   | Found a viscous altar of Jiyva.
 15388 | Lair:5   | Entered Level 5 of the Lair of Beasts
 15585 | Lair:5   | Received a gift from Trog
 15779 | Lair:5   | Reached XP level 15. HP: 139/139 MP: 12/12
 15853 | Lair:5   | Reached skill level 17 in Axes
 15877 | Lair:5   | Reached skill level 15 in Fighting
 17711 | Orc:1    | Entered Level 1 of the Orcish Mines
 17724 | Orc:1    | Reached skill level 15 in Armour
 17874 | Orc:1    | Received a gift from Trog
 18153 | Orc:2    | Entered Level 2 of the Orcish Mines
 18178 | Orc:2    | HP: 5/141 [sun demon[an orc knight] (6)]
 18309 | Orc:2    | Noticed Jorgrun
 18315 | Orc:2    | Killed Jorgrun
 18502 | Orc:2    | Found a staircase to the Elven Halls.
 18530 | Orc:2    | Reached skill level 18 in Axes
 18536 | Orc:2    | Found Begasaham's Antique Weapon Boutique.
 18616 | Orc:2    | Found Jecveduj's Antique Armour Emporium.
 18658 | Orc:2    | Found Sitrinku's Jewellery Emporium.
 18736 | Orc:2    | Found Myxocre's General Store.
 19000 | Orc:2    | Found a staircase to the Elven Halls.
 19196 | Orc:2    | Found Sitrinku's Jewellery Emporium.
 19208 | Orc:2    | Found Myxocre's General Store.
 19283 | Orc:2    | Found Jecveduj's Antique Armour Emporium.
 19583 | D:13     | You fall into a shaft and drop 2 floors!
 19583 | D:15     | Entered Level 15 of the Dungeon
 19615 | D:13     | Reached skill level 15 in Shields
 19908 | D:13     | Found a portal to a secret trove of treasure.
 20837 | D:14     | Noticed Louise
 20845 | D:14     | Killed Louise
 20845 | D:14     | Received a gift from Trog
 20947 | D:14     | Found a stormy altar of Qazlal.
 21295 | D:14     | Reached XP level 16. HP: 142/151 MP: 13/13
 21370 | D:14     | Found a gate to the Vaults.
 21468 | D:14     | Found a stormy altar of Qazlal.
 21523 | D:14     | Found a gate to the Vaults.
 22087 | D:15     | Noticed a storm dragon
 22096 | D:15     | Killed a storm dragon
 22203 | D:15     | Identified the +3 arbalest "Hosirahy" {speed, rN+ Stlth+}
 22204 | D:15     | Identified the +5 broad axe "Zeynueh" {flame, +Blink MP+9
                  | Str-2 Dex+4}
 22284 | D:15     | Reached skill level 15 in Dodging
 22447 | D:15     | Reached skill level 19 in Axes
 22450 | D:15     | Identified the +3 broad axe of Free Expression {heavy,
                  | Dex+2} (Trog gifted it to you on level 15 of the Dungeon)
 22450 | D:15     | Received a gift from Trog
 22640 | D:15     | Noticed Vochiuc's ghost (adept DEFE)
 22686 | D:15     | Found a staircase to the Depths.
 22936 | D:15     | Found a bloodstained altar of Trog.
 22936 | D:15     | Found a transporter.
 22942 | D:15     | Found a transporter.
 22980 | D:15     | Killed Vochiuc's ghost
 23041 | D:15     | Identified the +2 dagger "Nuokuguse" {flame, *Slow rElec
                  | rPois Int+2}
 23252 | D:13     | You paid a toll of +2 storm dragon scales to enter a
                  | treasure trove
 23253 | Trove    | Entered a treasure trove
 23255 | Trove    | Found the +8 orange crystal plate armour {Archmagi, Int+3
                  | Clar}
 23257 | Trove    | Identified the +1 pair of gloves of the Unseen Realm {Harm
                  | Int+4 Dex-5}
 23260 | Trove    | Identified the +0 kite shield of Demons {rF- Dex+4 Stlth+}
 23263 | Trove    | Identified the +2 pair of boots "Efoweq" {MP+9 SInv}
 23265 | Trove    | Identified the +0 chain mail "Jionef" {Will+ Dex+4 Stlth+}
 23266 | Trove    | Identified the +3 pair of boots of Failure {Int+3}
 23275 | Trove    | Identified the scarf of Biyk {+Inv, Int+5}
 23284 | Trove    | Identified the +1 cloak "Vunuff" {rN++}
 23709 | Swamp:1  | Entered Level 1 of the Swamp
 25263 | Swamp:2  | Found a sparkling altar of Nemelex Xobeh.
 25738 | Swamp:3  | Noticed a tentacled monstrosity
 25754 | Swamp:3  | Killed a tentacled monstrosity
 25898 | Swamp:3  | Reached XP level 17. HP: 161/161 MP: 14/14
 25919 | Swamp:3  | Identified the ring of Aqetaadodgh {rPois Str+4 SInv}
 26260 | Swamp:4  | Entered Level 4 of the Swamp
 26278 | Swamp:4  | Received a gift from Trog
 26403 | Swamp:4  | Identified the +9 trident of Fauquic {drain, rElec rPois
                  | rC+ Dex+3}
 27970 | Swamp:4  | Noticed a bone dragon
 27989 | Swamp:4  | Killed a bone dragon
 27999 | Swamp:4  | Got a decaying rune of Zot
 28500 | Snake:1  | Entered Level 1 of the Snake Pit
 28652 | Snake:1  | Received a gift from Trog
 28685 | Snake:1  | Reached skill level 20 in Axes
 28783 | Snake:1  | Found Zaeczioz's Jewellery Shoppe.
 28917 | Snake:1  | Identified the ring "Eleguir" {MP+9 Int+3}
 28962 | Snake:1  | Found the -2 hat of the Alchemist {rElec rPois rF+ rC+ rN+
                  | Will+ rMut rCorr}
 29324 | Snake:1  | Bought the amulet "Deckalu" {Reflect rElec SH+5} for 484
                  | gold pieces
 30287 | Snake:3  | Noticed Mlioglotl
 30298 | Snake:3  | Killed Mlioglotl
 30310 | Snake:3  | Noticed Mara
 30312 | Snake:3  | Noticed LLlMATKO's illusion
 30325 | Snake:3  | Noticed LLlMATKO's illusion
 30344 | Snake:3  | Noticed LLlMATKO's illusion
 30349 | Snake:3  | Killed Mara
 30350 | Snake:3  | Reached XP level 18. HP: 145/172 MP: 15/15
 30466 | Snake:3  | Received a gift from Trog
 30902 | Snake:3  | Found Wuiloer's Book Emporium.
 30903 | Snake:3  | Found Zaifekom's Jewellery Boutique.
 30903 | Snake:3  | Found Pautsun's Jewellery Boutique.
 31511 | Snake:4  | Entered Level 4 of the Snake Pit
 32528 | Snake:4  | Received a gift from Trog
 33164 | Snake:4  | Reached skill level 21 in Axes
 33181 | Snake:4  | Got a serpentine rune of Zot
 33608 | Vaults:1 | Entered Level 1 of the Vaults
 33684 | Vaults:1 | Identified the +0 plate armour of Raroeg {Harm +Inv Will+
                  | Str-5}
 33710 | Vaults:1 | Found Uttaelec's Distillery.
 33732 | Vaults:1 | Noticed Nikola
 33749 | Vaults:1 | Killed Nikola
 33750 | Vaults:1 | Noticed Zenata
 33768 | Vaults:1 | Killed Zenata
 34158 | Vaults:1 | Identified the +1 robe "Kimuc" {Will+}
 34181 | Vaults:1 | Reached XP level 19. HP: 112/183 MP: 16/16
 35403 | Vaults:2 | Received a gift from Trog
 35420 | Vaults:2 | Found a staircase to the Crypt.
 36418 | Snake:3  | Bought the ring "Ciyruruc" {rF+ Will+ MP+9} for 475 gold
                  | pieces
 36838 | Snake:1  | Found Zaeczioz's Jewellery Shoppe.
 37818 | Snake:3  | Found Wuiloer's Book Emporium.
 37819 | Snake:3  | Found Zaifekom's Jewellery Boutique.
 37819 | Snake:3  | Found Pautsun's Jewellery Boutique.
 39342 | Vaults:2 | Identified the +0 chain mail "Qieshritz" {rElec Int+5
                  | Slay+4}
 39977 | Vaults:3 | Received a gift from Trog
 40171 | Vaults:3 | Reached skill level 1 in Ranged Weapons
 41167 | Vaults:3 | Reached skill level 22 in Axes
 41172 | Vaults:3 | Reached XP level 20. HP: 168/193 MP: 17/17
 41841 | Vaults:4 | Noticed Jory
 41869 | Vaults:4 | Killed Jory
 41987 | Vaults:4 | Received a gift from Trog
 42292 | Vaults:4 | Found a flickering gateway to a bazaar.
 42322 | Bazaar   | Entered a bazaar
 42324 | Bazaar   | Found Unom's Distillery.
 42328 | Bazaar   | Found Gesusto's Weapon Boutique.
 42328 | Bazaar   | Found Peckun's Magic Scroll Boutique.
 42329 | Bazaar   | Found Linitof's Antique Armour Boutique.
 42344 | Bazaar   | Bought a scroll of magic mapping for 105 gold pieces
 43009 | Vaults:5 | Entered Level 5 of the Vaults
 43483 | Vaults:4 | Reached skill level 5 in Ranged Weapons
 43701 | Vaults:5 | Noticed a golden dragon
 43743 | Vaults:4 | Killed a golden dragon
 43833 | Vaults:4 | Reached ****** piety under Trog
 43833 | Vaults:4 | Received a gift from Trog
 44263 | Vaults:5 | Noticed a golden dragon
 44423 | Vaults:5 | Killed a golden dragon
 44987 | Vaults:5 | Found the +8 demon trident "Rift" {distort, reach+}
 44993 | Vaults:5 | Identified the +9 dagger "Faserph" {drain, rF+}
 45020 | Vaults:5 | Received a gift from Trog
 45021 | Vaults:5 | Reached XP level 21. HP: 193/203 MP: 17/17
 45042 | Vaults:5 | Got a silver rune of Zot
 45043 | Vaults:5 | Identified the ring "Lefutumm" {rPois rF+ Str-5 Int+6}
 45044 | Vaults:5 | Identified the +3 leather armour of Xullyigh {Regen+ Int+6}
 45045 | Vaults:5 | Identified the +12 plate armour of Lethargy {rN+ Regen+
                  | Str-4}
 45094 | Vaults:5 | Noticed a golden dragon
 45110 | Vaults:5 | Killed a golden dragon
 45117 | Vaults:5 | Noticed a juggernaut
 45126 | Vaults:5 | a juggernaut changed into a titan
 45329 | Vaults:5 | Found Pycipp's Distillery.
 45526 | Vaults:5 | Identified the ring of Boesk {Str+4 SInv}
 45923 | Vaults:5 | Found Pycipp's Distillery.
 46716 | Elf:1    | Entered Level 1 of the Elven Halls
 46729 | Elf:1    | Found Qunoum's Distillery.
 46737 | Elf:1    | You are sucked into a shaft and drop 1 floor!
 46948 | Elf:1    | Found Waoz's Weapon Boutique.
 47529 | Elf:1    | Received a gift from Trog
 47769 | Elf:1    | Paralysed by an air elemental for 1 turns
 48024 | Elf:2    | Reached skill level 23 in Axes
 48249 | Elf:2    | Found the +12 pair of quick blades "Gyre" and "Gimble"
                  | {protect}
 48285 | Elf:2    | Found a huge runed translucent gate.
 48285 | Elf:2    | Found a huge runed translucent gate.
 48290 | Elf:2    | Found a huge runed translucent gate.
 48291 | Elf:2    | Found a huge runed translucent gate.
 48292 | Elf:2    | Found a huge runed translucent gate.
 48863 | Elf:2    | Identified the +1 short sword of the Shoals {flame, rF+}
                  | (Trog gifted it to you on level 2 of the Elven Halls)
 48863 | Elf:2    | Received a gift from Trog
 49036 | Elf:3    | Entered Level 3 of the Elven Halls
 49037 | Elf:3    | Found the +5 robe of Night {Dark Will+ SInv}
 49125 | Elf:3    | Found Haghys's Antique Armour Shoppe.
 49172 | Elf:3    | Found Duvvajuf's Antique Armour Emporium.
 49304 | Elf:2    | Found a shimmering altar of Xom.
 49777 | Elf:3    | Identified the ring of Amorality {Drain +Blink rN++ MP+9
                  | Int+6}
 49830 | Elf:3    | Identified the ring of Past Mistakes {Fire Contam rN+ SInv}
 50020 | Elf:3    | Identified the +6 mace of Impeachment {freeze, *Slow rPois
                  | Int+2}
 50041 | Elf:3    | Reached XP level 22. HP: 195/214 MP: 18/18
 50121 | Elf:3    | Identified the +4 scale mail "Moegh" {rPois rN+ Int+3
                  | Stlth+}
 50316 | Elf:3    | Identified the staff of air "Puanas" {rElec rC+}
 50362 | Elf:3    | Received a gift from Trog
 50656 | Elf:3    | Found Duvvajuf's Antique Armour Emporium.
 50664 | Elf:3    | Found Haghys's Antique Armour Shoppe.
 51375 | Depths:1 | Entered Level 1 of the Depths
 51394 | Depths:1 | Noticed Bai Suzhen
 51414 | Depths:1 | Killed Bai Suzhen
 51694 | Depths:1 | Found a broken altar of Ashenzari.
 51775 | Depths:1 | Noticed Asterion
 51787 | Depths:1 | Killed Asterion
 51935 | Depths:1 | Identified the +6 mace "Todghuk" {freeze, rPois}
 51995 | Depths:1 | Identified the ring "Iqafecag" {rElec rF+ Str+3 Int+3}
 52052 | Depths:1 | Found a gateway to Hell.
 52203 | Depths:1 | Found a one-way gateway to a ziggurat.
 52309 | Depths:2 | Noticed Aizul
 52320 | Depths:2 | Killed Aizul
 52341 | Depths:2 | Reached skill level 10 in Ranged Weapons
 52475 | Depths:2 | Received a gift from Trog
 52485 | Depths:2 | Found a corrupted altar of Lugonu.
 52955 | Depths:2 | Found the +3 robe of Clouds {*Thunder rCloud rElec}
 53297 | Depths:2 | Found a one-way gate leading to the halls of Pandemonium.
 53557 | Depths:3 | Noticed a caustic shrike
 53568 | Depths:3 | Killed a caustic shrike
 53593 | Depths:3 | Received a gift from Trog
 53610 | Depths:3 | Reached skill level 24 in Axes
 53758 | Depths:3 | Noticed a caustic shrike
 53772 | Depths:3 | Killed a caustic shrike
 53895 | Depths:3 | Reached XP level 23. HP: 224/224 MP: 19/19
 54397 | Depths:3 | Found a one-way gate to the infinite horrors of the Abyss.
 54950 | Depths:4 | Entered Level 4 of the Depths
 54950 | Depths:4 | Found a hazy altar of Hepliaklqana.
 54961 | Depths:4 | Noticed a caustic shrike
 54963 | Depths:4 | Noticed a caustic shrike
 54966 | Depths:4 | Noticed a caustic shrike
 54973 | Depths:4 | Killed a caustic shrike
 54978 | Depths:4 | Killed a caustic shrike
 54979 | Depths:4 | Killed a caustic shrike
 55170 | Depths:4 | Received a gift from Trog
 56159 | Depths:4 | Found a gate to the Realm of Zot.
 56241 | Zot:1    | Entered Level 1 of the Realm of Zot
 56795 | Zot:1    | Noticed a Killer Klown
 56847 | Depths:4 | Killed a Killer Klown
 57679 | Zot:1    | Identified the ring of Gatuth {Ice +Blink rN++ Dex-5 SInv}
 57679 | Zot:1    | Noticed Josephina
 57711 | Zot:1    | Killed Josephina
 57808 | Zot:1    | Acquired the +7 plate armour of Doro {Rampage rElec rF+
                  | rN+}
 58656 | Zot:1    | Noticed a curse toe
 58674 | Zot:1    | Killed a curse toe
 61188 | Zot:2    | Reached XP level 24. HP: 168/229 MP: 19/19
 61731 | Zot:2    | Reached skill level 25 in Axes
 61755 | Zot:2    | HP: 6/236 [quicksilver dragon/bolt of dispelling energy
                  | (27)]
 62609 | Zot:2    | You fall into a shaft and drop 1 floor!
 62710 | Zot:3    | Noticed an orb of fire
 62734 | Zot:3    | Killed an orb of fire
 63900 | Zot:2    | HP: 17/355 [lindwurm/blast of flame[a white draconian
                  | stormcaller] (6)]
 63905 | Zot:2    | HP: 14/355 [poisoned by a death drake (foul vapour)]
 63906 | Zot:2    | Killed from afar by a red draconian scorcher

Illustrated notes

Levels and vault maps discovered:
D:1:      eino_arrival_cavern_d, layout_loops_cross,
          shapermc_ecumenical_altar_pompeii
D:2:      layout_basic, basic_altar, minmay_joined_circles, uniq_terence
D:3:      layout_basic, cheibrodos_sewer_entry_bend, minmay_diced_spiral
D:4:      layout_loops_cross, grunt_temple_overflow_open
D:5:      layout_basic, nicolae_ossuary_entry_plus
D:6:      layout_loops_ring, minmay_temple_entry_sparse_star,
          chequers_serial_rivers_marsh
D:7:      layout_rooms
D:8:      layout_loops_ring
D:9:      layout_basic, erik_lair_orcish_takeover, introduction_to_nature_1
D:10:     layout_loops_ring, kennysheep_mini_moat, skrybe_limestone_x,
          small_statue_intersection, uniq_urug
D:11:     layout_gridville, david_orc_2, uniq_snorg, uniq_grum, uniq_harold
D:12:     layout_big_octagon, kennysheep_cross_bottleneck,
          minmay_checkered_concentric_circles, uniq_kirke, uniq_gastronok
D:13:     layout_roguey, nicolae_trove_entry_crossroad,
          hangedman_abyss_or_decor_lesser_grid, argonaut_gorgonesque
D:14:     layout_loops_ring, erik_vaults_1, nicolae_qazlal_general_emergency,
          uniq_louise
D:15:     grunt_enter_depths_magical_seal, layout_loops_ring,
          gammafunk_ghost_wrathful_warriors, chequers_avenue, minmay_radiant
Lair:1:   layout_loops_ring, basic_altar, hibernation_bobbens,
          grunt_megastairs_5, infiniplex_staircase_pool_2, uniq_sonja
Lair:2:   layout_cave_pods
Lair:3:   layout_gridlike, swamp_mist, dummy_snake_entry, serial_bayou_lake_a,
          grunt_megastairs_4
Lair:4:   layout_hall_layers, minmay_slime_entry_pillars
Lair:5:   grunt_lair_end_beastmaster, layout_big_grid, lemuel_fruit_fields,
          serial_bayou_shore_b
Swamp:1:  layout_falls_marsh, nicolae_swamp_tree_designs
Swamp:2:  layout_basic_swamp, basic_altar, infiniplex_staircase_pool
Swamp:3:  layout_falls_marsh, nicolae_swamp_very_dense_foliage
Swamp:4:  swamp_pestilence, layout_basic_swamp
Snake:1:  layout_rooms, serial_shops, shop, st_stairs_8,
          nicolae_snake_salamander_fort
Snake:2:  layout_gridlike, nrook_guardian_serpent_double, lemuel_fruit_tree
Snake:3:  nicolae_snakescales, layout_gridlike, minmay_shop_grove, uniq_mara,
          uniq_mlioglotl
Snake:4:  snake_pit_salamanders_mu, layout_cave_town, grunt_megastairs_3
Orc:1:    layout_caves, mines2_david
Orc:2:    grunt_orc_gardens, layout_caves, grunt_orc_garden, grunt_orc_garden,
          grunt_orc_garden, grunt_orc_garden, rock_pile, uniq_jorgrun
Elf:1:    layout_loops_corners, serial_shops, shop, evilmike_minifort,
          minmay_elf_annihilation, minmay_shop_star
Elf:2:    elven_hall_of_blades_hangedman_alternative [mumra_blade_entry_dagger],
          layout_loops_cross, lemuel_upstairs_altar
Elf:3:    minmay_elf_hall_spiked, layout_rooms, minmay_shoptagon
Vaults:1: nicolae_vaults_big_ls, hangedman_vaults_restitches,
          nicolae_vaults_ring_of_whatevers, v_misc_28,
          nicolae_vaults_storage_room_doors, nicolae_vaults_diamond_2,
          nicolae_vaults_storage_closets_1, ontoclasm_vaults_spin,
          layout_vaults_omnigrid, serial_shops, shop, uniq_zenata, uniq_nikola
Vaults:2: nicolae_vaults_shipping_containers_2, hangedman_vaults_impose,
          ontoclasm_vaults_idyll, minmay_crypt_entry_simple_statues,
          vaults_dpeg_ring, vaults_mumra_minichess_inversion, v_pattern_4,
          vaults_room_boxed, nicolae_vaults_hexular_roomagon,
          nicolae_vaults_ninety_degrees, nicolae_vaults_alarming, v_misc_9,
          nicolae_vaults_diamond_1, layout_vaults_omnibox
Vaults:3: v_alt_pattern_1, v_misc_28, hangedman_vaults_nails,
          nicolae_vaults_border_crossing, v_misc_11, ontoclasm_vaults_shuriken,
          hangedman_vaults_nodes, vaults_room_door_ring,
          nicolae_vaults_antechamber_and_loot_room, layout_vaults_omnicross
Vaults:4: v_rooms_6, nicolae_vaults_shelves_hall, nicolae_vaults_gold_heap,
          layout_vaults_chaotic_city, serial_shops, bzr_entry_water, uniq_jory
Vaults:5: serial_shops
Depths:1: layout_cave_pools, enter_ziggurat_e, nicolae_ashenzari_panopticon,
          hangedman_coc_ice_floe, serial_bayou_pond_e, hangedman_aviary,
          uniq_bai_suzhen, uniq_asterion
Depths:2: kennysheep_ogre_elephant_herders, layout_cave_shapes,
          grunt_pan_entry_in_and_out, hell_entry,
          chequers_serial_rivers_large_a, tgw_lugonu_bribe,
          infiniplex_staircase_door_maze, uniq_aizul
Depths:3: minmay_dotted_concentric_squares, layout_cave_pools,
          hangedman_tar_grid_catacomb, abyss_entry, lemuel_flamethrower_2,
          infiniplex_staircase_spiral_double
Depths:4: grunt_zot_entry_alcove, layout_cave_pools,
          nicolae_hepliaklqana_hazy_memory, hell_entry, rand_demon_pan_entry_5
Zot:1:    cheibrodos_zot_enchanting_chambers, layout_gridlike,
          grunt_megastairs_2, uniq_grunn, uniq_josephina
Zot:2:    lemuel_draconian_sentries, layout_misc_corridors
Zot:3:    lemuel_firehouse, layout_onion, grunt_ministairs_12, uniq_vv

Skill      XL: |  1  2  3  4  5  6  7  8  9 10 11 12 13 14 15 16 17 18 19 20 21 22 23 24 |
---------------+-------------------------------------------------------------------------+-----
Axes           | 4 5 6 7 8 10 11 12 14 16 18 19 20 21 22 23 24 25 | 25.3
Fighting       | 4 5 6 7 8 10 11 12 13 14 16 17 18 19 20 21 22 23 | 23.7
Armour         | 3 4 5 6 8 9 10 12 13 14 15 16 18 19 20 21 22 23 | 23.6
Dodging        | 3 4 5 6 7 8 10 11 12 13 14 15 16 17 18 19 20 21 | 21.9
Shields        | 1 2 3 5 7 8 10 11 12 14 15 16 17 18 19 20 21 22 23 | 23.4
Ranged Weapons | 2 6 9 10 12 13 | 13.0

Action                     |  1- 3 |  4- 6 |  7- 9 | 10-12 | 13-15 | 16-18 | 19-21 | 22-24 || total
---------------------------+-------+-------+-------+-------+-------+-------+-------+-------++-------
  Melee: Hand axe          |    75 |    53 |       |   446 |       |       |       |       ||   574
         Headbutt          |     7 |    17 |    37 |   133 |   143 |   268 |   410 |   462 ||  1477
         War axe           |       |   177 |   277 |    46 |       |       |       |       ||   500
         Punch             |       |     1 |       |       |       |       |       |       ||     1
         Unarmed           |       |       |     9 |       |       |       |       |       ||     9
         Battleaxe         |       |       |       |       |   649 |   114 |       |       ||   763
         Broad axe         |       |       |       |       |       |   936 |  1352 |  1444 ||  3732
  Throw: Javelin           |       |       |     2 |    12 |     8 |       |       |       ||    22
         Dart              |       |       |     2 |       |     5 |    13 |     7 |    63 ||    90
 Invoke: Berserk           |     2 |     3 |     1 |    11 |     6 |    12 |    10 |    23 ||    68
         Brothers in Arms  |       |       |       |     1 |     7 |     9 |     7 |    12 ||    36
         Trog's Hand       |       |       |       |     1 |     5 |     8 |     3 |     8 ||    25
Ability: Evoke Blink       |       |       |       |       |       |       |       |     1 ||     1
  Evoke: Wand              |       |       |       |       |       |     4 |       |     2 ||     6
    Use: Scroll            |       |     5 |       |       |    28 |     3 |     2 |    12 ||    50
         Potion            |       |       |       |       |       |       |       |     3 ||     3
   Stab: Distracted        |       |       |       |     1 |       |     1 |     2 |     4 ||     8
         Petrified         |       |       |       |       |     3 |       |       |       ||     3
         Confused          |       |       |       |       |       |       |       |     2 ||     2
 Armour: Animal skin       |    13 |       |       |       |       |       |       |       ||    13
         Chain mail        |     8 |    31 |       |       |       |       |       |       ||    39
         Ring mail         |       |    77 |    98 |   135 |   243 |    35 |       |       ||   588
         Crystal plate arm |       |       |       |       |       |   325 |   363 |   320 ||  1008
         Gold dragon scale |       |       |       |       |       |       |       |   213 ||   213
  Dodge: Dodged            |    52 |   116 |   136 |   207 |   427 |   241 |   271 |   473 ||  1923
  Block: Buckler           |       |    46 |   126 |   220 |       |       |       |       ||   392
         Other             |       |       |     1 |       |   109 |    15 |       |       ||   125
         Reflection        |       |       |     2 |    16 |     7 |    66 |   116 |    39 ||   246
         Tower shield      |       |       |       |       |       |   916 |  1307 |  1524 ||  3747
